cohdb
Replays
Latest Replays
All Replays
Popular Replays
Top Player Replays
Match Explorer
How It Works
Community
CoH3 Stats
Reddit
Sign in to upload your games and track your stats! →
Sign in with Steam
Match 42616945
Unlisted
Match 42616945
Overview
Messages
Build Orders
End
Construct Infanterie Kompanie
Pioneer Squad
Grenadier Squad
MG 42 Machine Gun Team
MG 42 Machine Gun Team
Medical Station
Construct Panzergrenadier Kompanie
Pak 40 Anti-tank Gun Team
GrW 34 Mortar Team
Support Elements
Panzergrenadier Squad
StuG III G Assault Gun
251 Medium Carrier
Grenadier Squad
Flauschiball92
Rhysong
Fenryx
Nebelwerfer
4Edge
ßoo
Zmikund Lucembruzký
WREN_PL
0
0
Comments
sign in to comment!
No comments posted yet!